 Dungeon Crawl Stone Soup version 0.23.2-40-g277498a001 (webtiles) character file.

Game seed: 8742885518480208373

60 Curus the Twirler (level 3, -1/27 HPs)
             Began as a Demonspawn Gladiator on Oct 15, 2019.
             Slain by a gnoll
             ... wielding a +0 club
              (5 damage)
             ... on level 1 of the Dungeon.
             The game lasted 00:05:11 (741 turns).

Curus the Twirler (Demonspawn Gladiator)             Turns: 741, Time: 00:05:13

Health: -1/27      AC:  6    Str: 14    XL:     3   Next: 80%
Magic:  3/3        EV: 12    Int:  9    God:
Gold:   27         SH:  0    Dex: 15    Spells: 2/2 levels left

rFire    . . .     SeeInvis .   a - +1 quarterstaff
rCold    . . .     Gourm    .   (shield currently unavailable)
rNeg     . . .     Faith    .   b - +0 leather armour
rPois    .         Spirit   .   c - +1 helmet
rElec    .         Reflect  .   (no cloak)
rCorr    +         Harm     .   (no gloves)
MR       .....                  (no boots)
Stlth    +.........             (no amulet)
HPRegen  0.09/turn              g - ring of resist corrosion
MPRegen  0.08/turn              (no ring)

@: no status effects
A: hooves 1, rugged brown scales 1
a: no special abilities


You were on level 1 of the Dungeon.
You were not hungry.

You visited 1 branch of the dungeon, and saw 2 of its levels.

You collected 27 gold pieces.

Inventory:

Hand Weapons
 a - a +1 quarterstaff (weapon)
Missiles
 d - 3 throwing nets (quivered)
Armour
 b - a +0 leather armour (worn)
 c - a +1 helmet (worn)
Jewellery
 g - a ring of resist corrosion (left hand)
Scrolls
 e - a scroll of identify
 h - 2 scrolls of remove curse
Potions
 i - a potion of lignification
Comestibles
 f - 5 rations


   Skills:
 - Level 2.0 Fighting
 + Level 4.3 Staves
 - Level 1.7 Throwing
 - Level 2.6 Dodging


You had 2 spell levels left.
You didn't know any spells.
Your spell library was empty.

Dungeon Overview and Level Annotations

Branches:
Dungeon (2/15)

Altars:


Innate Abilities, Weirdness & Mutations

You have large cloven feet.
You are partially covered in rugged brown scales. (AC +1, +3% HP)


Message History

The gnoll hits you from afar with a +0 halberd!
* * * LOW HITPOINT WARNING * * *
The gnoll barely misses you. x2; The giant cockroach closely misses you.
The jackal misses you. The gnoll misses you. The giant cockroach misses you.
The gnoll closely misses you. The gnoll barely misses you.
The jackal barely misses you.
You climb upwards.
There is a stone staircase leading down here.
You closely miss the gnoll.
The gnoll is almost dead.
The giant cockroach misses you.
The jackal bites you but does no damage.
The gnoll barely misses you.
Your leather armour prevents you from hitting the gnoll.
Your kick misses the gnoll.
The gnoll is almost dead.
The jackal bites you.
* * * LOW HITPOINT WARNING * * *
The giant cockroach barely misses you. The gnoll hits you with a +0 club.
You die...

#.......# #.......#
#.# #.#
#.......#####'#####
#.# ###.##
.........# #..# #.#
#....# ...##'##.#
##.## #.# #.####
...##.##.# #..# #.#
#.# ...##.##.#
##.## #.# #.#
...'..##.##
#..#######.# #.#
...#####..#
#..s.......# #.#
...# ##.#
##g@......### #.#
####
#.####..h#####.#
#.#
#..#....#....#.#
#.#
##...##.#.##.#.#
#.# ######.#.#..#.#
#.#
#.#.#.##.#####.#
#.#....#.......#
#.###..#########
#......#


You could see a gnoll, a jackal and a giant cockroach.

Vanquished Creatures
  A gnoll (D:2)
  An adder (D:2)
  2 oozes (D:1)
  A dart slug (D:1)
  5 bats (D:1)
  3 giant cockroaches (D:1)
  5 hobgoblins (D:1)
  2 jackals (D:2)
  A kobold (D:1)
  A ball python (D:1)
  2 frilled lizards (D:1)
  2 goblins (D:1)
  4 rats (D:1)
30 creatures vanquished.

Notes
Turn   | Place    | Note
-------+----------+-------------------------------------------
     0 | D:1      | Curus the Demonspawn Gladiator began the quest for the Orb.
     0 | D:1      | Reached XP level 1. HP: 16/16 MP: 1/1
     9 | D:1      | Reached skill level 3 in Staves
    23 | D:1      | Gained mutation: You have large cloven feet. [demonic
                  | ancestry]
    23 | D:1      | Reached XP level 2. HP: 20/22 MP: 2/2
   419 | D:1      | Gained mutation: You are partially covered in rugged brown
                  | scales. (AC +1, +3% HP) [demonic ancestry]
   419 | D:1      | Reached XP level 3. HP: 21/27 MP: 3/3
   544 | D:1      | Reached skill level 4 in Staves
   741 | D:1      | Slain by a gnoll

Skill      XL: |  1  2  3 |
---------------+----------+-----
Staves         | 3 4 |  4.3
Fighting       | |  2.0
Throwing       | |  1.7
Dodging        | |  2.6

Action                   || total
-------------------------++-------
Melee: Quarterstaff      ||    79
       Kick              ||     7
  Use: Scroll            ||     6
       Potion            ||     3
Armor: Leather armour    ||    56
Dodge: Dodged            ||    78
